 Dungeon Crawl Stone Soup version 0.29.1-12-g30fa7ad0bf (webtiles) character file.

Game seed: 16624029482393593900

198 wormed the Cudgeller (level 5, -4/46 HPs)
             Began as a Minotaur Gladiator on Dec 22, 2022.
             Killed from afar by Edmund (8 damage)
             ... with a puff of flame
             ... on level 4 of the Dungeon.
             The game lasted 00:04:12 (3215 turns).

wormed the Cudgeller (Minotaur Gladiator)           Turns: 3215, Time: 00:04:13

Health: -4/46      AC: 11    Str: 20    XL:     5   Next: 47%
Magic:  4/4        EV:  7    Int:  5    God:
Gold:   186        SH:  0    Dex: 12    Spells: 4/4 levels left

rFire   . . .      SeeInvis .   o - +1 whip (flame)
rCold   . . .      Faith    .   (no shield)
rNeg    . . .      Spirit   .   j - +0 plate armour
rPois   .          Reflect  .   c - +0 hat
rElec   .          Harm     .   (no cloak)
rCorr   +          Rampage  .   (no gloves)
Will    .....                   (no boots)
Stlth   ..........              (no amulet)
HPRegen 0.15/turn               n - ring of resist corrosion
MPRegen 0.09/turn               (no ring)

@: lethally poisoned (-4 -> -15)
A: horns 2, retaliatory headbutt
a: no special abilities


You were on level 4 of the Dungeon.
You visited 1 branch of the dungeon, and saw 4 of its levels.

You collected 186 gold pieces.

Inventory:

Hand Weapons
 o - a +1 whip of flaming (weapon)
Missiles
 d - 4 throwing nets
 e - a javelin (quivered)
Armour
 c - a +0 hat (worn)
 j - a +0 plate armour (worn)
Jewellery
 n - a ring of resist corrosion (left hand)
 p - a ring of flight
Scrolls
 a - a scroll of magic mapping {unknown}
 g - 2 scrolls of poison {unknown}
 i - 2 scrolls of teleportation {unknown}
 r - a scroll of silence {unknown}
 t - 2 scrolls of identify
 u - a scroll of enchant armour {unknown}
Potions
 b - 3 potions of brilliance
 f - 2 potions of curing {unknown}
 h - 3 potions of cancellation
 k - a potion of flight {unknown}
 m - a potion of haste {unknown}
 q - a potion of magic {unknown}
 s - a potion of lignification {unknown}


   Skills:
 + Level 3.6 Fighting
 * Level 5.3 Maces & Flails
 - Level 2.0 Throwing
 + Level 2.2 Armour
 + Level 4.1 Dodging
 + Level 2.2 Shields


You had 4 spell levels left.
You didn't know any spells.
Your spell library contained the following spells:

 Spells                   Type           Power      Damage    Failure   Level
 Blink                    Tloc           0%         N/A       100%        2
 Lesser Beckoning         Tloc           0%         N/A       100%        3
 Stone Arrow              Conj/Erth      0%         3d7       100%        3
 Animate Armour           Summ/Erth      0%         N/A       100%        4
 Manifold Assault         Tloc           0%         N/A       100%        5
 Lehudib's Crystal Spear  Conj/Erth      0%         10d2      100%        8


Dungeon Overview and Level Annotations

Branches:
Dungeon (4/15)
 Temple: D:4-7

Altars:
Sif Muna

Shops:
D:1 (

Annotations:
D:4 Edmund


Innate Abilities, Weirdness & Mutations

You have a pair of horns on your head.
You reflexively headbutt those who attack you in melee.


Message History

You feel sick. Edmund barely misses you. You furiously retaliate!
You headbutt Edmund. You completely miss Edmund.
Edmund is severely wounded.
You feel sick.
Edmund hits you with a +1 flail of venom.
* * * LOW HITPOINT WARNING * * *
You are more poisoned.
You feel much better.
You feel sick.
Edmund hits you with a +1 flail of venom.
You are more poisoned.
You whack Edmund! You burn Edmund.
Edmund is almost dead.
You feel very sick. Edmund hits you but does no damage.
You are lethally poisoned!
You hit Edmund but do no damage. You headbutt Edmund, but do no damage.
Edmund is almost dead.
You feel very sick. Edmund hits you but does no damage.
You barely miss Edmund.
Edmund is almost dead.
You feel very sick.
Edmund zaps a wand.
The puff of flame hits you.
You hit Edmund but do no damage.
Edmund is almost dead.
* * * LOW HITPOINT WARNING * * *
You feel very sick.
You hit Edmund. You burn Edmund. You headbutt Edmund, but do no damage.
Edmund is almost dead.
* * * LOW HITPOINT WARNING * * *
You feel very sick.
Edmund hits you with a +1 flail of venom.
* * * LOW HITPOINT WARNING * * *
You barely miss Edmund.
Edmund is almost dead.
* * * LOW HITPOINT WARNING * * *
You feel very sick.
Edmund zaps a wand.
The puff of flame hits you!
You die...

#...........# ......
#...........# #.....
#######...........####.....
#......(..............#....
##.######...†..............
##.)...##........#######..
##†##.###.....### ##
##.###[##...## ##.##.@@).##
##.######.## ##.#........#
#..#####..### ##.####...##
##.#......## #.........#
##.........# #.........##


You could see Edmund.

Vanquished Creatures
  4 gnolls (D:3)
  6 adders
  4 worms
  4 dart slugs
  5 orcs
  4 ball pythons (D:1)
  8 endoplasms
  A giant cockroach (D:4)
  5 goblins
  12 hobgoblins
  4 jackals (D:3)
  4 kobolds
  5 quokkas
  7 bats
  2 frilled lizards
  6 rats
81 creatures vanquished.

Notes
Turn   | Place    | Note
-------+----------+-------------------------------------------
     0 | D:1      | wormed the Minotaur Gladiator began the quest for the Orb.
     0 | D:1      | Reached XP level 1. HP: 18/18 MP: 0/0
   261 | D:1      | Found Legruh's Antique Weapon Boutique.
   271 | D:1      | Reached XP level 2. HP: 21/25 MP: 1/1
   408 | D:1      | Found a faded altar of an unknown god.
   512 | D:1      | Reached skill level 4 in Maces & Flails
   594 | D:1      | Reached skill level 1 in Armour
   677 | D:1      | Reached skill level 1 in Shields
   858 | D:2      | Reached XP level 3. HP: 27/30 MP: 2/2
  1254 | D:2      | Reached XP level 4. HP: 38/38 MP: 3/3
  2067 | D:3      | Reached skill level 5 in Maces & Flails
  2068 | D:3      | Reached XP level 5. HP: 33/45 MP: 4/4
  2976 | D:4      | Found a shimmering blue altar of Sif Muna.
  3169 | D:4      | Noticed Edmund
  3215 | D:4      | Killed from afar by Edmund

Illustrated notes

Levels and vault maps discovered:
D:1:      dpeg_arrival_line_fractal, layout_loops_ring, serial_shops,
          nicolae_lakefront_shop, basic_ecumenical_altar
D:2:      layout_loops_ring
D:3:      layout_loops_ring, minmay_hedge_maze, hangedman_decor_growths,
          minmay_misc_feat_doors
D:4:      layout_cave_pods, lemuel_doored_altar, nemelex_spade_bored_becter,
          temple_statues, minmay_cut_off, uniq_duvessa, uniq_pikel, uniq_edmund

Skill      XL: |  1  2  3  4  5 |
---------------+----------------+-----
Maces & Flails | 4 5 |  5.3
Armour         | 1 2 |  2.2
Shields        | 1 2 |  2.2
Fighting       | 3 |  3.6
Dodging        | 4 |  4.1
Throwing       | |  2.0

Action                   |  1- 3 |  4- 6 || total
-------------------------+-------+-------++-------
Melee: Flail             |    70 |    76 ||   146
       Headbutt          |     9 |    26 ||    35
       Whip              |       |    55 ||    55
  Use: Scroll            |       |     3 ||     3
       Potion            |       |     3 ||     3
Armor: Plate armour      |    22 |    77 ||    99
       Leather armour    |     4 |       ||     4
Dodge: Dodged            |    30 |    45 ||    75
